 Dungeon Crawl Stone Soup version 0.24-a0-441-g27f0392e16 (webtiles) character file.

Game seed: 11949278605443039320

37 LabCoat the Skirmisher (level 3, -3/33 HPs)
             Began as a Hill Orc Fighter on June 20, 2019.
             Killed from afar by Sigmund (5 damage)
             ... with a puff of flame
             ... on level 2 of the Dungeon.
             The game lasted 00:04:01 (855 turns).

LabCoat the Skirmisher (Hill Orc Fighter)            Turns: 855, Time: 00:04:01

Health: -3/33      AC: 11    Str: 23    XL:     3   Next: 39%
Magic:  3/3        EV:  4    Int:  8    God:
Gold:   79         SH: 10    Dex: 11    Spells: 2/2 levels left

rFire    . . .     SeeInvis .   a - +0 war axe
rCold    . . .     Gourm    .   c - +1 shield
rNeg     . . .     Faith    .   j - +0 plate armour
rPois    .         Spirit   .   (no helmet)
rElec    .         Reflect  .   (no cloak)
rCorr    .         Harm     .   (no gloves)
MR       .....                  (no boots)
Stlth    ..........             (no amulet)
HPRegen  0.11/turn              (no ring)
MPRegen  0.08/turn              (no ring)

@: mighty
A: no striking features
a: no special abilities


You were on level 2 of the Dungeon.
You were not hungry.

You visited 1 branch of the dungeon, and saw 2 of its levels.

You collected 79 gold pieces.

Inventory:

Hand Weapons
 a - a +0 war axe (weapon)
Armour
 c - a +1 shield (worn)
 j - a +0 plate armour (worn)
Potions
 b - a potion of mutation {unknown}
 d - a potion of might
 e - a potion of flight {unknown}
 g - a potion of degeneration {unknown}
 i - a potion of magic {unknown}
 m - a potion of curing {unknown}
Comestibles
 f - a ration


   Skills:
 + Level 3.9 Fighting
 * Level 3.9 Axes
 + Level 3.6 Armour
 + Level 3.6 Shields


You had 2 spell levels left.
You didn't know any spells.
Your spell library was empty.

Dungeon Overview and Level Annotations

Branches:
Dungeon (2/15)

Altars:

Annotations:
D:2 Sigmund


Message History

You slash something! Something hits you.
You completely miss something. Something hits you but does no damage.
Your shield and plate armour prevent you from hitting something.
You block something's attack.
Your shield and plate armour prevent you from hitting something.
Something hits you!
* * * LOW HITPOINT WARNING * * *
All of the chunks of flesh in your inventory have rotted away.
You feel very mighty all of a sudden.
Your shield and plate armour prevent you from hitting something.
Something hits you but does no damage.
You closely miss something. Something hits you.
* * * LOW HITPOINT WARNING * * *
Okay, then.
You aren't carrying any scrolls.
You barely miss something.
You hear some strange, mumbled words.
A puff of flame appears from out of thin air!
The puff of flame hits you.
You die...

........# #.
......... #.
...<..... .
#.##........
..##..........#
......#........
#....<.......
..#..#.........
.......@.......
.......{.......
............<##
.>.....##..###
....... ...#
...)... .#...
....... .####>
.......


There were no monsters in sight!

Vanquished Creatures
  An adder (D:1)
  A giant cockroach (D:1)
  2 goblins (D:1)
  4 hobgoblins (D:1)
  3 jackals (D:1)
  2 bats (D:1)
  3 frilled lizards (D:1)
  7 kobolds (D:1)
  4 rats (D:1)
27 creatures vanquished.

Notes
Turn   | Place    | Note
-------+----------+-------------------------------------------
     0 | D:1      | LabCoat the Hill Orc Fighter began the quest for the Orb.
     0 | D:1      | Reached XP level 1. HP: 19/19 MP: 1/1
    88 | D:1      | Reached XP level 2. HP: 27/27 MP: 2/2
   526 | D:1      | Reached XP level 3. HP: 30/33 MP: 3/3
   613 | D:2      | Noticed Sigmund
   855 | D:2      | Killed from afar by Sigmund

Levels and vault maps discovered:
D:1:      roderic_crossed_star, layout_rooms, minmay_indecisive_spiral
D:2:      minmay_evil_eye, layout_rooms, marbit_many_paths,
          hangedman_decor_points, uniq_sigmund

Skill      XL: |  1  2 |
---------------+-------+-----
Axes           | 3 |  3.9
Fighting       | |  3.9
Armour         | |  3.6
Shields        | |  3.6

Action                   || total
-------------------------++-------
Melee: War axe           ||    77
  Use: Scroll            ||     4
       Potion            ||     1
Armor: Scale mail        ||     2
       Chain mail        ||     4
       Plate armour      ||    43
Dodge: Dodged            ||    13
Block: Shield            ||    37

Table legend:
 A = Non-vault XP
 B = Vault XP
 C = Vault XP percentage of total XP
 D = Non-vault monster count
 E = Vault monster count
 F = Vault count percentage of total count
                 A         B        C        D         E       F
            +---------+---------+-------+---------+---------+-------
      Total |      45 |       8 |  15.1 |      23 |       4 |  14.8
            +---------+---------+-------+---------+---------+-------
        D:1 |      45 |       8 |  15.1 |      23 |       4 |  14.8
            +---------+---------+-------+---------+---------+-------
